 Dungeon Crawl Stone Soup version 0.14.1-22-g2730a98 (webtiles) character file.

1764 DaftWullie the Slicer (level 9, -2/79 HPs)
             Began as a Kobold Berserker on May 4, 2014.
             Was an Elder of Trog.
             Slain by a sky beast (5 damage)
             ... on Level 5 of the Dungeon on June 7, 2014.
             The game lasted 00:54:09 (5133 turns).

DaftWullie the Slicer (Kobold Berserker)            Turns: 5133, Time: 00:54:09

HP  -2/79        AC  4     Str 21      XL: 9   Next: 16%
MP   9/9         EV 20     Int  6      God: Trog [****..]
Gold 162         SH 12     Dex 17      Spells:  0 memorised,  8 levels left

rFire  x . .     SeeInvis .     A - +0 short sword
rCold  + . .     Clarity  .     J - +0 leather armour
rNeg   . . .     Conserve .     C - +0 buckler
rPois  .         rCorr    .     (no helmet)
rElec  .         rRot     .     s - +0 cloak
SustAb . .       Spirit   .     (no gloves)
rMut   .         Warding  .     (no boots)
Saprov + + .     Stasis   .     f - amulet of faith
MR     .....                    K - ring of ice
                                x - +2 ring of evasion

@: berserking, very quick, not resistant to hostile enchantments, extremely
unstealthy
A: disease resistance, carnivore 3, saprovore 2
a: Burn Spellbooks, Berserk, Trog's Hand, Brothers in Arms, Renounce Religion


You were on level 5 of the Dungeon.
You worshipped Trog.
Trog was greatly pleased with you.
You were very full.

You visited 1 branch of the dungeon, and saw 6 of its levels.

You collected 162 gold pieces.

Inventory:

Hand weapons
 a - a +0,+0 short sword
 g - a +0,+0 short sword
 q - a +0,+0 short sword
 w - a -3,-2 short sword
 A - a +0,+0 short sword (weapon)
Missiles
 l - 50 poisoned needles
 t - 72 darts (quivered)
Armour
 b - a +0 animal skin
 d - a +2 robe
 e - a +0 ring mail
 o - a +2 buckler
 s - a +0 cloak (worn)
 v - a +0 robe
 B - a +1 leather armour of magic resistance
 C - a +0 buckler (worn)
 D - a +0 leather armour
 G - a +2 leather armour of cold resistance
 J - a +0 leather armour (worn)
Magical devices
 p - a wand of confusion (0)
 y - a wand of lightning (4)
 E - a wand of digging (7)
 N - a wand of fire (4)
Comestibles
 c - 2 meat rations
Scrolls
 h - 2 scrolls of teleportation
 i - a scroll of immolation
 k - a scroll of enchant weapon I
 r - a scroll of enchant armour
 z - a scroll of fog
 F - 2 scrolls of fear
 M - 4 scrolls of identify
Jewellery
 f - an amulet of faith (around neck)
 x - a +2 ring of evasion (left hand)
 H - a +3 ring of strength
 K - a ring of ice (right hand)
Potions
 j - a potion of brilliance
 m - a potion of degeneration
 n - a potion of heal wounds {unknown}
 u - 4 potions of curing
 L - a potion of confusion {unknown}


   Skills:
 + Level 4.8 Fighting
 * Level 9.1 Short Blades
 + Level 5.1 Throwing
 - Level 1.5 Armour
 + Level 7.1 Dodging
 + Level 3.6 Stealth
 + Level 2.8 Shields


You had 8 spell levels left.
You didn't know any spells.

Dungeon Overview and Level Annotations

Branches:
Dungeon (6/15)
 Temple: D:4-7

Altars:
Fedhas
Xom
The Shining One

Annotations:
D:6 Blork the orc


Innate Abilities, Weirdness & Mutations

You recuperate from illness quickly.
You are small and have problems with some larger weapons.
You are carnivorous and can eat meat at any time.
You can eat rotten meat.


Message History

Okay, then.
The sky beast flickers out of sight!
Deactivating autopickup; reactivate with Ctrl-A.
You see here a dart.
Something hits you. Something shocks you!
You closely miss something. Something hits you. Something shocks you!
You completely miss something. Something hits you. Something shocks you.
* * * LOW HITPOINT WARNING * * *
You miss something. You miss something. Something hits you.
* * * LOW HITPOINT WARNING * * *
Something shocks you.
* * * LOW HITPOINT WARNING * * *
Use which ability? (? or * to list)
A red film seems to cover your vision as you go berserk!
You feel yourself moving faster!
You feel mighty! Something misses you.
You miss something. Something hits you.
* * * LOW HITPOINT WARNING * * *
Something shocks you.
You die...

. ... . .. #... ... .. #...#
#...... . ..###[..# #......
...## .......#####..... .....#
#..............>. ......#
#............... .......#
#@.............#
........#######..............#
................(.(..........###
................................
#...............................
#...............(....#####..####
#..#######..#######..# #..#
##....#####..# #..#####..#
#............# #.........####


There were no monsters in sight!

Vanquished Creatures
  A hill giant (D:6)
  The ghost of teukkam the Insei, an average DsMo of Nemelex Xobeh (D:4)
  A phantom (D:5)
  3 ogres
  A giant frog (D:4)
  A water moccasin skeleton (D:5)
  A scorpion (D:3)
  An orc priest (D:3)
  4 hounds
  A jelly (D:6)
  Crazy Yiuf (D:2)
  An orc wizard (D:3)
  An iguana (D:5)
  3 worker ants
  Ijyb (D:2)
  Jessica (D:3)
  Terence (D:3)
  7 adders
  A giant mite (D:4)
  5 worms
  A giant eyeball (D:5)
  2 giant geckos
  8 orcs
  A ball python (D:3)
  11 bats
  17 goblins
  4 hobgoblins
  10 jackals
  11 kobolds
  5 giant cockroaches
  6 giant newts
  A kobold skeleton (D:4)
  2 quokkas
  16 rats
  A bush (D:2)
133 creatures vanquished.

Vanquished Creatures (others)
  An orc wizard (D:3)
1 creature vanquished.

Grand Total: 134 creatures vanquished

Notes
Turn   | Place    | Note
--------------------------------------------------------------
     0 | D:1      | DaftWullie, the Kobold Berserker, began the quest for the Orb.
     0 | D:1      | Reached XP level 1. HP: 14/14 MP: 1/1
   104 | D:1      | Reached XP level 2. HP: 17/19 MP: 2/2
   119 | D:1      | Upgraded the game from 0.14.1-1-g650416f to 0.14.1-11-gf908b15
   619 | D:1      | Reached XP level 3. HP: 21/23 MP: 3/3
   771 | D:2      | Acquired Trog's second power
   861 | D:3      | Reached skill level 5 in Short Blades
   927 | D:3      | Noticed Jessica
   951 | D:3      | Killed Jessica
   951 | D:3      | Reached XP level 4. HP: 11/28 MP: 4/4
  1119 | D:2      | Upgraded the game from 0.14.1-11-gf908b15 to 0.14.1-18-g0856e53
  1292 | D:2      | Noticed Ijyb
  1335 | D:2      | Killed Ijyb
  1418 | D:3      | Reached XP level 5. HP: 23/33 MP: 5/5
  1992 | D:2      | Noticed Crazy Yiuf
  1996 | D:2      | Killed Crazy Yiuf
  1996 | D:2      | Reached skill level 1 in Shields
  2261 | D:3      | Noticed Terence
  2289 | D:3      | Killed Terence
  2289 | D:3      | Reached skill level 1 in Throwing
  2409 | D:3      | Reached skill level 6 in Short Blades
  2409 | D:3      | Reached skill level 1 in Stealth
  2409 | D:3      | Reached XP level 6. HP: 38/38 MP: 6/6
  3153 | D:4      | Noticed an ogre
  3165 | D:3      | Killed an ogre
  3165 | D:3      | Reached skill level 5 in Dodging
  3165 | D:3      | Reached XP level 7. HP: 42/42 MP: 7/7
  3272 | D:3      | Found a blossoming altar of Fedhas.
  3548 | D:4      | Reached skill level 7 in Short Blades
  3556 | D:5      | Entered Level 5 of the Dungeon
  3679 | D:4      | Acquired Trog's third power
  3734 | D:4      | Noticed teukkam's ghost (average DsMo)
  3749 | D:4      | Killed teukkam's ghost
  3749 | D:4      | Reached XP level 8. HP: 48/48 MP: 8/8
  4105 | D:4      | Upgraded the game from 0.14.1-18-g0856e53 to 0.14.1-21-g36cd379
  4392 | D:5      | Reached skill level 8 in Short Blades
  4441 | D:6      | Upgraded the game from 0.14.1-21-g36cd379 to 0.14.1-22-g2730a98
  4510 | D:6      | Noticed a hill giant
  4513 | D:6      | Noticed Blork the orc
  4526 | D:6      | Killed a hill giant
  4526 | D:6      | Reached XP level 9. HP: 9/53 MP: 9/9
  4954 | D:5      | Found a shimmering altar of Xom.
  4955 | D:5      | Found a glowing golden altar of the Shining One.
  4966 | D:5      | Reached skill level 9 in Short Blades
  4966 | D:5      | Reached skill level 5 in Throwing
  5068 | D:5      | Paralysed by a giant eyeball for 2 turns
  5133 | D:5      | HP: 3/79 [something (4)]
  5133 | D:5      | Slain by a sky beast

Action                   |  1- 3 |  4- 6 |  7- 9 || total
-------------------------+-------+-------+-------++-------
Melee: Short sword       |   134 |   365 |   370 ||   869
Throw: Dart              |       |    26 |    55 ||    81
Invok: Berserk           |     3 |     6 |     5 ||    14
       Trog's Hand       |     1 |     1 |     1 ||     3
Evoke: Wand              |       |     1 |     3 ||     4
  Use: Scroll            |     1 |     1 |    13 ||    15
       Potion            |       |       |     1 ||     1
 Stab: Sleeping          |       |     3 |     3 ||     6
